[Event "British Championship 2024"]
[Site "Hull"]
[Date "2024.07.31"]
[Round "1.1"]
[White "Adams, Michael"]
[Black "Villiers, Thomas"]
[Result "1/2-1/2"]
[Annotator "TA"]
[ECO "B47"]
[WhiteElo "2670"]
[BlackElo "2229"]
[PlyCount "101"]
[EventDate "2024.07.31"]
[EventCountry "GBR"]
[SourceTitle "playchess.com"]
[Source "ChessBase"]
[SourceQuality "1"]
[TimeControl "40/5400+30:1800+30"]

1. e4 c5 2. Nf3 e6 3. d4 cxd4 4. Nxd4 Nc6 5. Nc3 Qc7 6. f4 a6 7. Nxc6 bxc6 8. Qf3 d5 9. Be3 Nf6 10. Bd4 Be7 11. O-O-O O-O 12. Bd3 Bb7 13. Rhe1 c5 14. Be5 Qb6 15. exd5 exd5 16. Qh3 g6 $1 17. f5 {[%emt 0:06:12] Threatens to win with Qh6.} Rfe8 18. fxg6 hxg6 (18... fxg6 $14 19. Qg3 Nh5) 19. Rf1 $16 Nh5 {[%emt 0:05:25] Strongly threatening ...Bg5+.} 20. g4 {[%emt 0:02:21] White is much more active.} Bg5+ 21. Kb1 Nf6 22. Na4 {[%emt 0:06:43] Really sharp!} Qc6 23. Bxf6 Bxf6 24. Qf3 $1 (24. Nxc5 Re7 $14 (24... Bxb2 25. Rxf7 Bg7 26. Rxb7 $11)) 24... Re6 {[%emt 0:01:38][%cal Oa8f8] [#] Hoping for ...Rf8!} 25. g5 $1 Qxa4 $11 (25... Bxg5 26. Qxf7+ Kh8 27. Rf3 (27. Nxc5 Re7 $18) 27... Qxa4 28. Rh3+ (28. Qxe6 Qe8 $18) (28. Qxe6 Qe8 $18)) (25... c4 $6 26. Bxg6 fxg6 27. gxf6 $18) 26. gxf6 Qh4 27. b3 c4 {[%emt 0:00:59] [#]} 28. Bxc4 dxc4 29. Qxb7 Rae8 30. Qf3 Re2 31. h3 cxb3 32. axb3 R2e3 $1 33. Qf4 (33. Qg2 {simplifies} Qxh3 34. Qxh3 Rxh3 35. Rd6) 33... Qxh3 {[%emt 0:00:35][%cal Oe3b3] ...Rxb3+! is the strong threat.} 34. Kb2 {[%emt 0:02:29] Rh1 would now be deadly.} R3e4 35. Qc7 Re2 36. Rf4 Qc8 37. Rd7 Qxc7 38. Rxc7 $14 {[%emt 0:00:02][%mdl 4096] Endgame. KRR-KRR} g5 39. Rd4 R2e6 (39... Kh7 $11 {should be considered.}) 40. Rd5 Rxf6 41. Rxg5+ Kf8 42. Rd5 Kg7 43. b4 Ree6 44. Kb3 Kg6 45. c3 Rc6 {[%emt 0:00:00] The position is equal.} 46. Rcd7 Rfe6 $1 47. Rd8 f5 48. Rg8+ Kf7 49. Rg3 (49. Rxf5+ $2 {is the wrong capture.} Kxg8 50. Rf3 Re4 $19) 49... f4 50. Rf3 Re4 51. Kc2 {[%emt 0:00:00] Weighted Error Value: White=0.11 (very precise) /Black=0.11 (very precise) .  Mistake:       	White=1     	Black=2      Inaccurate:     	White=4     	Black=4      OK:         	White=13    	Black=20     Best:        	White=5     	Black=4      Strong:       	White=1     	Black=3      Brilliant:      	White=1     	---} 1/2-1/2

[Event "British Championship 2024"]
[Site "Hull"]
[Date "2024.07.31"]
[Round "1.2"]
[White "Boswell, Jacob Connor"]
[Black "Howell, David W L"]
[Result "0-1"]
[Annotator "TA"]
[ECO "E15"]
[WhiteElo "2274"]
[BlackElo "2675"]
[PlyCount "66"]
[EventDate "2024.07.31"]
[EventCountry "GBR"]
[SourceTitle "playchess.com"]
[Source "ChessBase"]
[SourceQuality "1"]
[TimeControl "40/5400+30:1800+30"]

1. d4 Nf6 2. c4 e6 3. Nf3 b6 4. g3 Ba6 5. b3 Bb4+ 6. Bd2 Be7 7. Nc3 d5 8. cxd5 exd5 9. Bg2 O-O 10. O-O Nbd7 11. Ne5 Bb7 $1 12. Bf4 Re8 13. Rc1 Nf8 14. Nd3 {[%emt 0:18:01] The position is equal.} Ne6 15. Be5 Rc8 16. Nf4 Nxf4 17. Bxf4 Qd7 {[%emt 0:00:21] Wards off Bh3} 18. Qd3 h6 19. Rfd1 c6 20. Qb1 Bb4 21. Bf3 Ba6 22. Qb2 g5 23. Be3 (23. Be5 $15) 23... Re7 (23... Qh3 $17 {...Ng4 would now be deadly.} 24. Re1 Ng4 25. Bxg4 Qxg4) 24. Qd2 {[%emt 0:03:31][%cal Oe3g5] And now Bxg5! would win.} Kh8 {[%emt 0:04:59] Black is much more active.} 25. h4 (25. a3 $15 Bd6 (25... Bxa3 $2 26. Ra1 $18) 26. Qc2) 25... Ng4 $17 26. Bxg4 {[%emt 0:02:13] This move loses the game for White.} (26. a3 $17 Bd6 (26... Bxa3 27. Ra1 $17) 27. Bxg5 hxg5 28. Qxg5) 26... Qxg4 $19 27. hxg5 $2 {[%emt 0:01:06] [#]} (27. a3 {keeps fighting.} Bd6 (27... Bxa3 $2 28. Ra1 $19) 28. Kg2) 27... Rce8 $1 {[%emt 0:00:59][%cal Oe7e3] White must now prevent ...Rxe3!} 28. a3 Bxc3 29. Rxc3 {[%emt 0:00:17] White is weak on the light squares} Bxe2 30. Rdc1 Bf3 {[%emt 0:00:19] ( -> ...Qh3)} 31. Rxc6 {[%emt 0:01:33] [#]} Re6 $1 ({Inferior is} 31... Rxe3 32. Rxh6+ Kg7 33. fxe3 $11) 32. Rxe6 Qxe6 (32... fxe6 $142 33. Qd1 Bxd1 34. Rxd1 Qxd1+ 35. Kg2 Rf8 (35... Qxb3 $2 36. gxh6 Qxa3 37. Kh2 $19) 36. g6 Qf3+ (36... Qxb3 $2 37. Bf4 $19) (36... Kg7 37. b4 Qf3+ 38. Kg1 Kxg6 39. b5 Rc8 40. Bf4 Rc2 41. Be3 Re2 42. Kf1 Rxe3 43. Kg1 Re1+ 44. Kh2 Qh1#) 37. Kg1 Rf5 (37... Qd1+ {gets mated.} 38. Kg2 Rf5 39. f4 Rh5 40. g7+ Kxg7 41. Bg1 Qe2+ 42. Bf2 Qe4+ 43. Kf1 Rh1+ 44. Bg1 Qf3+ 45. Ke1 Qg2 46. Kd1 Rxg1#) (37... Kg7 {is a self mate.} 38. b4 Rf5 39. g4 Qxg4+ 40. Kf1 Qd1+ 41. Kg2 Qf3+ 42. Kf1 Qxe3 43. f4 Rxf4+ 44. Kg2 Rf2+ 45. Kh1 Qe1#) 38. g4 Qxg4+ 39. Kf1 Qd1+ (39... Qxg6 $2 40. Ke2 $19) 40. Kg2 Qf3+ (40... Qxb3 41. Kh2 Qd1 42. Kg2 Qf3+ 43. Kf1 Qxe3 44. g7+ Kxg7 45. f4 Rxf4+ 46. Kg2 Rf2+ 47. Kh1 Qe1#) 41. Kf1 Qxe3 42. g7+ Kxg7 43. f4 Rxf4+ (43... Qxd4 44. Kg2 Rxf4 45. Kh1 Qf2 46. b4 Rh4#) 44. Kg2 Rf2+ 45. Kh1 Qe1#) 33. Bf4 Qh3 {[%emt 0:01:48] Weighted Error Value: White=1.01/Black=0.24 (precise) .  Mistake:       	White=4     	Black=1      Inaccurate:     	White=3     	Black=1      OK:         	White=5     	Black=9      Strong:       	---       	Black=1} 0-1

[Event "British Championship 2024"]
[Site "Hull"]
[Date "2024.07.31"]
[Round "1.3"]
[White "Shafi, Declan"]
[Black "Jones, Gawain C B"]
[Result "0-1"]
[Annotator "TA"]
[ECO "A58"]
[WhiteElo "2222"]
[BlackElo "2633"]
[PlyCount "54"]
[EventDate "2024.07.31"]
[EventCountry "GBR"]
[SourceTitle "playchess.com"]
[Source "ChessBase"]
[SourceQuality "1"]
[TimeControl "40/5400+30:1800+30"]

1. d4 Nf6 2. c4 c5 3. d5 b5 4. cxb5 a6 5. bxa6 e6 6. Nc3 exd5 7. Nxd5 Be7 8. Bf4 {[%emt 0:10:41] The position is equal.} Nxd5 9. Qxd5 Nc6 10. e4 O-O 11. Nf3 Rxa6 12. Bc4 Bb7 13. Qd2 {[%emt 0:04:45][%cal Oe1g1] Wards off Na5} Na5 14. Bxa6 $18 Bxa6 {[%emt 0:00:06] [#]} 15. O-O-O $1 Qb6 16. Qc3 (16. Qxd7 $18 Nc4 17. Rd2 (17. Qxe7 $2 Qxb2#)) 16... Bb5 $16 17. h4 {[%emt 0:09:19][%cal Bh2h4,Bh4h5,Bh5h6][%mdl 32] Hoping for h5.} Ra8 18. h5 {[%emt 0:04:28] And now h6 would win.} Qe6 19. h6 f6 {[%emt 0:00:14] [#]} (19... Bf6 $16 {was worth a try.} 20. Be5 (20. Qxc5 $2 Qxa2 21. Qxb5 Nb3+ $19) 20... Qxa2) 20. Ng5 $4 Qxa2 $19 {[%emt 0:00:57] White must now prevent ...Nb3+.} (20... fxg5 21. Qxg7#) 21. Nxh7 $2 (21. Kc2) 21... Nb3+ (21... Kxh7 22. hxg7+ Kg6 (22... Kxg7 23. Qg3+ Kf8 24. Rh8+ Kf7 25. Rh7+ Ke8 26. Qg6+) 23. Rh8 $18) 22. Kc2 Ra3 {[%emt 0:01:05] ( -> ...Nd4+)} (22... Nd4+ 23. Rxd4 cxd4 24. Nxf6+ Bxf6 25. Qb3+ Bc4 (25... Qxb3+ $2 26. Kxb3 Ba4+ 27. Kb4 $19) 26. Qxa2 d3+ (26... Bxa2 $2 27. hxg7 Bxg7 28. Bd6 $19) 27. Kd2 Rxa2 (27... Bxa2 $2 28. hxg7 Bxg7 29. Kxd3 $19) 28. e5 Rxb2+ 29. Kc3 Rc2+ (29... Rxf2 30. h7+ Kh8 31. exf6 $11) 30. Kd4) 23. Ng5 gxh6 ({Inferior is} 23... fxg5 24. Qxg7#) (23... Nd4+ $142 24. Qxd4 cxd4 25. Rh3 Rxh3 (25... fxg5 $2 26. Rxd4 Rxh3 27. gxh3 $19) 26. h7+ Kh8 (26... Rxh7 27. Rxd4 fxg5 28. Be5 Rh1 29. g3 Ra1 30. g4) 27. Nf7+ Kxh7 (27... Qxf7 {leads to mate.} 28. gxh3 Ba4+ 29. Kd3 Qb3+ 30. Kxd4 Qxd1+ 31. Bd2 Qxd2+ 32. Kc4 Qc1+ 33. Kd4 Bc5+ 34. Kd5 Bc6#) 28. Ng5+ fxg5 29. gxh3 gxf4 (29... Ba4+ 30. Kd3 Qb3+ 31. Kxd4 Qxd1+ 32. Kc4 Qb3+ 33. Kd4 Bb5 34. Be3 d6 35. f4 Qd3#) 30. f3 Ba3 (30... Ba4+ {is a self mate.} 31. Kd3 Bxd1 32. Kxd4 Qxb2+ 33. Kc4 Be2+ 34. Kd5 Qb5+ 35. Kd4 Qc5#) 31. Rb1 Qc4+ (31... d3+ 32. Kd2 Bb4+ 33. Kc1 Qc4+ 34. Kd1 Qc2#) 32. Kd1 Qd3+ (32... Ba4+ 33. Ke1 d3 34. Rd1 Bxd1 35. Kf1 d2+ 36. Kf2 Qe2+ 37. Kg1 Bc2 38. bxa3 d1=Q#) 33. Kc1 Ba4 34. bxa3 Qc3#) 24. Ne6 {[%emt 0:02:10] [#]} Nd4+ $1 25. Nxd4 Rxc3+ 26. Kxc3 Qc4+ 27. Kd2 cxd4 {[%emt 0:00:08] Weighted Error Value: White=0.88/Black=0.40.  Missed win:     	White=1     	---        Mistake:       	White=2     	Black=2      Inaccurate:     	---       	Black=2      OK:         	White=4     	Black=8      Best:        	White=2     	Black=2      Strong:       	White=1     	---} 0-1

[Event "British Championship 2024"]
[Site "Hull"]
[Date "2024.07.31"]
[Round "1.4"]
[White "McShane, Luke J"]
[Black "Pang, Ethan"]
[Result "1-0"]
[Annotator "TA"]
[ECO "B31"]
[WhiteElo "2617"]
[BlackElo "2164"]
[PlyCount "69"]
[EventDate "2024.07.31"]
[EventCountry "GBR"]
[SourceTitle "playchess.com"]
[Source "ChessBase"]
[SourceQuality "1"]
[TimeControl "40/5400+30:1800+30"]

1. e4 c5 2. Nf3 Nc6 3. Bb5 e5 4. O-O Nge7 5. c3 g6 6. d4 exd4 7. cxd4 cxd4 8. Bf4 Bg7 9. Bd6 O-O 10. Nbd2 a6 11. Bd3 {[%emt 0:00:44][%mdl 1024] White has compensation.} b6 12. a4 Bb7 13. Qb3 {[%emt 0:01:07] White is slightly better.} Na5 {[%emt 0:03:32][%cal Bc6a5,Ba5b7,Bb7c5][%mdl 32] Dodges Nc4} 14. Qa2 {[%emt 0:01:23] White has more active pieces.} Bc6 15. b4 Nb7 16. Bg3 d6 17. Nb3 $36 {[%emt 0:07:42][%mdl 2048] White fights for an advantage.} a5 (17... Bd7 $14) 18. b5 $16 ({Reject} 18. Nbxd4 axb4 19. Nxc6 Nxc6 $15) 18... Bd7 19. Nbxd4 Nc5 20. Rad1 Bg4 21. Bc2 Rc8 (21... Ra7 $16 {was necessary.}) 22. Rfe1 (22. h3 $18 Bxf3 23. Nxf3) 22... Re8 (22... Qc7 $16 {is a better defense.}) 23. h3 $18 Bh5 {[%emt 0:00:19] [#]} 24. Ng5 $1 d5 25. Ndf3 (25. f3 $18) 25... h6 $2 {[%emt 0:06:40][%mdl 8192] [#] Loses the game.} (25... Bf6 $16 {was called for.}) 26. Nxf7 $1 Kxf7 27. exd5 {[%emt 0:00:07] Threatens to win with d6+.} Bxf3 28. gxf3 {[%emt 0:08:33] aiming for d6+.} Nf5 (28... Bf6 29. d6+ Kg7) 29. d6+ {[%emt 0:00:56] White is clearly winning.} Re6 {[%emt 0:02:54] [#]} 30. d7 $1 Ra8 (30... Nd4 31. dxc8=N) 31. Bb3 Nxb3 32. Qxb3 Bf6 33. Rxe6 {[%emt 0:00:39] Intending Re8+ and mate.} Kg7 34. Re8 Qxe8 35. dxe8=N+ {[%emt 0:00:09] Weighted Error Value: White=0.17 (very precise) /Black=0.41.  Loses game:     	---       	Black=1      Mistake:       	White=2     	Black=4      Inaccurate:     	White=2     	---        OK:         	White=4     	Black=10     Best:        	White=6     	Black=1      Brilliant:      	White=1     	---} (35. dxe8=Q $142 Rxe8 36. Rd7+ Re7 37. Rxe7+ (37. Qe6 Rxd7 38. Qxd7+ Ne7 $18) 37... Bxe7 38. Qe6) 1-0

[Event "British Championship 2024"]
[Site "Hull"]
[Date "2024.07.31"]
[Round "1.5"]
[White "Ledger, Dave J"]
[Black "Conquest, Stuart C"]
[Result "0-1"]
[Annotator "TA"]
[ECO "B67"]
[WhiteElo "2201"]
[BlackElo "2510"]
[PlyCount "100"]
[EventDate "2024.07.31"]
[EventCountry "GBR"]
[SourceTitle "playchess.com"]
[Source "ChessBase"]
[SourceQuality "1"]
[TimeControl "40/5400+30:1800+30"]

1. e4 c5 2. Nf3 d6 3. d4 cxd4 4. Nxd4 Nf6 5. Nc3 Bd7 6. Bg5 e6 7. Qd2 a6 8. f4 h6 9. Bxf6 Qxf6 10. O-O-O Nc6 11. Nf3 Qd8 12. Kb1 {[%emt 0:05:53] B67: Sicilian: Richter-Rauzer: 7...a6 8 0-0-0 Bd7, lines without 9 f4 Be7.} Be7 13. h4 Qa5 14. Bc4 O-O-O 15. g4 Bf6 $146 ({Predecessor:} 15... Kb8 16. Bb3 Qb6 17. Ne2 Na5 18. Ned4 Rc8 19. Qe2 Nxb3 20. axb3 a5 {½-½ Moskalyov,V (2243)-Calvo,R (2200) Lovholt Memorial sf1 email 2013 [3]}) 16. g5 Bxc3 17. bxc3 Qc5 (17... d5 $5 18. exd5 exd5 $11) 18. Bb3 Kc7 19. Rhg1 h5 20. g6 f6 21. Nd4 Rhe8 22. Rg3 Na5 (22... e5 $17 23. fxe5 dxe5 24. Nxc6 Bxc6) 23. Qe2 {[%emt 0:03:40] [#]} (23. e5 $11 {keeps the balance.} dxe5 24. fxe5 fxe5 (24... Qxe5 25. Rd3 $14) 25. Rg5) 23... b5 (23... e5 $1 $17 24. fxe5 dxe5) 24. Qf3 $2 (24. e5 $1 $11 dxe5 25. fxe5 Qxe5 26. Re3) 24... Rb8 $2 (24... e5 $19 25. fxe5 dxe5) 25. f5 $2 ({Better is} 25. e5 $1 $15 Nc4 26. exd6+ (26. Qxh5 $2 dxe5 27. fxe5 Qa3 $19) (26. exf6 Qa3 $17) 26... Kc8 (26... Nxd6 27. Qe3 $11) 27. Ka1) 25... Nc4 26. Bxc4 (26. Qxh5 $2 Qa3 27. Bxc4 bxc4+ 28. Nb3 exf5 $19 (28... cxb3 $2 29. cxb3 exf5 30. c4 $19)) 26... bxc4+ 27. Kc1 e5 28. Ne6+ Bxe6 29. fxe6 Qa3+ (29... Rxe6 30. Qf5 Ree8 31. Qxh5 $11) 30. Kd2 Rb2 (30... Rxe6 $6 31. Rg5 $11) 31. Qxh5 $2 {[%emt 0:01:31][%mdl 8192] [#]} (31. Rc1 $17 {is more resistant.}) 31... Rxc2+ $1 $19 (31... Rxe6 32. Qf5 Re8 33. Rc1 $11) (31... Rxa2 32. Qh7 Re7 (32... Rxe6 $2 33. Qxg7+ Kc6 34. Rb1 $18) 33. h5 $11) (31... Qxa2 32. Rc1 Rxe6 33. Qg4 $11) 32. Ke1 Rxe6 (32... Rxc3 $142 33. Rxc3 Qxc3+ 34. Kf2 Rxe6) 33. Qh8 $2 (33. Qf3 Re8 (33... Qxa2 34. Qe3 $17) (33... Rxa2 34. h5 $17) 34. h5) 33... Qc5 $19 ({And not} 33... Rxc3 34. Qxg7+ Kc6 35. Qa7 Rxg3 36. Qa8+ Kc7 (36... Kc5 $2 37. Qc8+ Kb4 38. Rb1+ Kc3 39. Rb3+ $18) 37. Qa7+ Kc6 38. Qa8+ Kc7 (38... Kc5 $2 39. Qc8+ Kb4 40. Rb1+ Kc3 41. Rb3+ $18) 39. Qa7+ Kc6 $11) 34. Qxg7+ Kc6 35. Rd2 Rxd2 36. Kxd2 Qf2+ 37. Kd1 Qxg3 38. Qf7 Qd3+ 39. Ke1 Qxe4+ 40. Kf1 Re7 41. Qxe7 Qxg6 42. Qd8 (42. Qe6 $142 Qd3+ 43. Kg2) 42... Qd3+ $19 43. Kg2 Qxc3 44. h5 Qd2+ 45. Kf3 Qd3+ ({Weaker is} 45... Qxa2 46. Qc8+ Kb5 47. Qb7+ Kc5 48. Qc7+ Kd5 49. Qb7+ Kd4 50. Qb6+ Kc3 (50... Kd5 51. Qb7+ Kc5 52. Qc7+ Kd5 53. Qb7+ $19) 51. Qe3+ Kb2 52. Qd2+ Kb3 53. Qd1+ Kc3 54. h6 $11) 46. Kf2 c3 47. Qc8+ Kd5 48. Qa8+ $2 (48. Qb7+ $19 Kc5 49. Qc7+ Kb5 (49... Kb4 $2 50. h6 $19) 50. Qb7+ Ka5 (50... Kc5 $2 51. Qc7+ Kb4 52. h6 $19) 51. Qc7+ Ka4 52. h6) 48... Kd4 49. Qa7+ Ke4 50. h6 Qd2+ 0-1

[Event "British Championship 2024"]
[Site "Hull"]
[Date "2024.07.31"]
[Round "1.6"]
[White "Ghasi, Ameet K"]
[Black "Southcott-Moyers, Indy"]
[Result "1-0"]
[Annotator "TA"]
[ECO "E04"]
[WhiteElo "2496"]
[BlackElo "2182"]
[PlyCount "81"]
[EventDate "2024.07.31"]
[EventCountry "GBR"]
[SourceTitle "playchess.com"]
[Source "ChessBase"]
[SourceQuality "1"]
[TimeControl "40/5400+30:1800+30"]

1. Nf3 d5 2. g3 c5 3. Bg2 Nc6 4. d4 e6 5. O-O Nf6 6. c4 dxc4 7. Ne5 Bd7 8. Nxc4 cxd4 9. Bf4 Be7 10. Nd6+ Kf8 {[%emt 0:00:25] aiming for ...e5.} 11. Nxb7 Qb6 {[%emt 0:00:41][%csl LRb2,LRb7] The position is equal.} 12. Nd6 Qc5 13. b4 Qxb4 14. a3 Qc5 15. Nd2 e5 $1 (15... Bxd6 16. Rc1 (16. Nb3 Qb6 $14) 16... Qb5 (16... Qxa3 $2 17. Nc4 $18) 17. Bxd6+ Ke8 18. a4 $18) 16. N2e4 Nxe4 17. Nxe4 Qb6 18. Rb1 Qc7 19. Bd2 f5 20. e3 fxe4 21. Bxe4 Rc8 {[%emt 0:02:34] Threatens to win with ...g6.} (21... Bxa3 $2 22. exd4 Nxd4 23. Bxa8 $18) 22. Qf3+ $1 Ke8 {[%emt 0:03:04] White must now prevent ...g6.} (22... Bf6 $5) 23. Rfc1 $2 (23. Qh5+ $11 Kd8 (23... g6 24. Bxg6+ Kd8 25. Rfe1 $15) 24. exd4) 23... g6 (23... Bxa3 24. Qh5+ g6 25. Bxg6+ Kd8 (25... hxg6 26. Qxh8+ Kf7 27. Qh7+ Kf6 28. exd4 $11) 26. Rc4 $17) 24. Rc4 Rf8 (24... Bxa3 25. exd4 (25. Qf6 $2 Rf8 $19) 25... Qd6 26. dxe5 Nxe5 (26... Qxd2 $2 27. e6 $18) 27. Rxc8+ Bxc8 28. Qc3 $11) 25. Qg2 Rf6 26. exd4 {[%emt 0:01:33] [#]} exd4 (26... Qd8 $1 $19 27. dxe5 Nxe5 28. Rxc8 Qxc8) 27. Bf4 $2 (27. Bd5 $17) 27... Qa5 $19 {[%emt 0:04:06] ...g5 would now be deadly.} 28. h4 Qa6 (28... Qxa3 29. h5 $19) 29. Bd5 Kd8 (29... Qxa3 30. Rbc1 $17) 30. Re1 Qa5 (30... Bxa3 31. Bg5 Ne7 32. Rxd4 $11) (30... Rxf4 31. gxf4 Bf6 (31... Bxa3 32. Qe4 $17) 32. Qe4 $17) 31. Rd1 Qb5 (31... Bxa3 $2 32. Bg5 Be7 33. Bxf6 Bxf6 34. Bxc6 $18) 32. a4 Qa6 {[%emt 0:00:10][%cal Of6f4] ...Rxf4! is the strong threat.} 33. Qe4 Bf5 34. Qf3 Bd7 35. Qe4 $1 {[%emt 0:00:36] Some like it hot} (35. Qb3 $2 Rxf4 36. gxf4 Bf6 $19 (36... Bxh4 $2 37. Bxc6 Bxc6 38. Rcxd4+ Kc7 39. f5 $18)) 35... Bf5 36. Qf3 Bd7 (36... h6 $17) 37. Qe2 $2 ({Don't go for} 37. Qb3 $2 Rxf4 38. gxf4 Qb6 $19 (38... Bxh4 $2 39. Bxc6 Bxc6 40. Rcxd4+ Kc7 41. f5 $18)) (37. Qe4 $1 $11 {and White is okay.}) 37... Qa5 $4 {[%emt 0:01:38][%mdl 8192] [#]} (37... Nb4 $19 {avoids the disaster.} 38. Rxc8+ Qxc8) 38. Bxc6 $18 Rfxc6 $2 ({Don't play} 38... Rcxc6 39. Rcxd4 (39. Rdxd4 $2 {too greedy.} Rxc4 40. Rxc4 Qd5 $19) 39... Ke8 40. Rxd7 $18) (38... Bxc6 39. Bg5 Rf7) 39. Rcxd4 R8c7 40. Bxc7+ Rxc7 41. Qe6 {[%emt 0:30:42] White used his chance.   Weighted Error Value: White=0.28 (precise) /Black=0.59.  Loses game:     	White=3     	---        Missed win:     	---       	Black=1      Mistake:       	---       	Black=3      Inaccurate:     	White=1     	Black=2      OK:         	White=13    	Black=13     Best:        	White=4     	Black=2      Strong:       	White=2     	Black=1} 1-0

[Event "British Championship 2024"]
[Site "Hull"]
[Date "2024.07.31"]
[Round "1.7"]
[White "Beaumont, Chris R"]
[Black "Bazakutsa, Svyatoslav"]
[Result "0-1"]
[Annotator "TA"]
[ECO "E63"]
[WhiteElo "2198"]
[BlackElo "2470"]
[PlyCount "80"]
[EventDate "2024.07.31"]
[EventCountry "GBR"]
[SourceTitle "playchess.com"]
[Source "ChessBase"]
[SourceQuality "1"]
[TimeControl "40/5400+30:1800+30"]

1. Nf3 Nf6 2. c4 g6 3. g3 Bg7 4. Bg2 O-O 5. d4 d6 6. Nc3 Nc6 7. d5 Na5 8. b3 c5 9. Bb2 a6 10. O-O Rb8 11. Nd2 b5 12. Qc1 Re8 13. Rb1 {[%emt 0:18:42] White has an edge.} e5 14. dxe6 Bxe6 15. cxb5 axb5 16. Nce4 Bf5 17. Nxf6+ Bxf6 18. e4 Bd7 19. Bxf6 Qxf6 20. b4 cxb4 21. Qc7 Qd8 22. Qxd6 Be6 23. Qxb4 Bxa2 24. Rbd1 Nc6 25. Qb2 {[%emt 0:01:22][%cal Od2b3] Nb3! would now be deadly.} Be6 26. Nc4 bxc4 27. Rxd8 Rexd8 28. Qf6 Nd4 {[%emt 0:00:49] White must now prevent ...c3.} 29. h4 c3 $36 {[%emt 0:11:11][%mdl 2048] And now ...c2 would win. Black has the initiative.} 30. h5 c2 31. h6 Kf8 {[%emt 0:00:00] Hoping for ...Ke8. Active counter play!} 32. e5 {[%emt 0:00:00] [#]} (32. Qh8+ $2 Ke7 33. Qg7 Rb1 $19) (32. Kh2 $11 {keeps the balance.}) 32... Rdc8 (32... Ke8 $1 $17 33. Be4 (33. Qh8+ $2 Kd7 $19) 33... Rbc8 34. Bxc2 Rxc2 35. Qh8+ Ke7 36. Qf6+ Kd7) 33. Be4 $1 $11 (33. Qh8+ Ke7 34. Qf6+ Ke8 $19 (34... Kd7 $2 35. Bh3 $19)) 33... c1=Q {[%emt 0:00:00] Dancing on a razor blade.} 34. Rxc1 Rxc1+ 35. Kg2 {[%emt 0:00:08] [#]} (35. Kh2 $1 $15 Rbc8 36. Bxg6) 35... Rcc8 ({Black should play} 35... Rbc8 $1 $17 {Strongly threatening ...Ke8.} 36. Bb7 Ke8 (36... Re8 37. g4 $15) 37. Bxc8 Rxc8) 36. Qg7+ $2 (36. Bxg6 $1 $11 {and White is okay.} Bd5+ (36... hxg6 $2 {too greedy.} 37. h7 $18) 37. Kh3) 36... Ke7 $19 37. Qxh7 (37. Qf6+ $142 Kd7 38. Qf4) 37... Rg8 {[%emt 0:00:28] Black is clearly winning.} 38. Kf1 Bc4+ 39. Kg2 Ne6 40. f4 Rh8 {[%emt 0:00:21] Weighted Error Value: White=0.94/Black=0.13 (very precise) .  Loses game:     	White=1     	---        Mistake:       	White=3     	Black=2      Inaccurate:     	White=1     	---        OK:         	White=15    	Black=11     Best:        	White=1     	Black=3      Strong:       	White=1     	---} 0-1

[Event "British Championship 2024"]
[Site "Hull"]
[Date "2024.07.31"]
[Round "1.8"]
[White "Royal, Shreyas"]
[Black "Sivanandan, Bodhana"]
[Result "1-0"]
[Annotator "TA"]
[ECO "B12"]
[WhiteElo "2483"]
[BlackElo "2110"]
[PlyCount "65"]
[EventDate "2024.07.31"]
[EventCountry "GBR"]
[SourceTitle "playchess.com"]
[Source "ChessBase"]
[SourceQuality "1"]
[TimeControl "40/5400+30:1800+30"]

1. e4 c6 2. d4 d5 3. e5 Bf5 4. h4 h5 5. Bd3 Bxd3 6. Qxd3 Qa5+ 7. Nd2 {[%emt 0:00:14][%cal Oe5e6] aiming for e6!} e6 8. Ngf3 {[%emt 0:01:19] The position is equal.} Nh6 9. c3 Nf5 10. O-O Be7 11. g3 Nd7 12. Nb3 Qb5 13. Qd1 (13. Qxb5 {simplifies} cxb5 14. Bd2 Nb6 15. Na5) 13... c5 14. a4 Qb6 15. Kg2 Rc8 16. Re1 g6 17. Re2 a6 18. Bf4 cxd4 19. Nbxd4 ({But not} 19. cxd4 O-O $11) 19... Nxd4 20. cxd4 Nb8 21. Re3 Nc6 22. Rb3 Qa7 23. Qd2 Bd8 {[%emt 0:07:01] [#]} (23... a5 $142) 24. a5 {[%emt 0:03:17] White is more active.} ({White should play} 24. Rc1 $1 $16) 24... O-O (24... Qb8 $14) 25. Bg5 (25. Bh6 $18) 25... Bxg5 $14 26. Qxg5 (26. hxg5 $14 Ne7 27. g4 hxg4 28. Nh2) 26... Nxd4 $11 27. Qe3 Nc6 {[%emt 0:03:36][%mdl 8192] [#]} (27... Nxb3 $11 28. Qxa7 Nxa1) 28. Qh6 $1 $18 {[%emt 0:00:25] Ng5 would kill now.} ({Less strong is} 28. Qxa7 Nxa7 29. Rxb7 Nc6 $16) 28... Rfe8 29. Ng5 {[%emt 0:00:35][%cal Bf3g5,Bg5h7,Bh7f6,Bf6d7][%mdl 32] White wants to mate with Qh7+.} Nd8 30. Nh7 {[%emt 0:02:17][%cal Rh7f6] White mates.} f5 31. Nf6+ Kf7 32. Qh7+ Kf8 33. Nd7# {[%emt 0:32:44] Weighted Error Value: White=0.21 (precise) /Black=0.35.  Loses game:     	---       	Black=1      Mistake:       	White=3     	Black=2      Inaccurate:     	White=2     	Black=5      OK:         	White=6     	Black=7      Best:        	---       	Black=2      Strong:       	White=1     	---} 1-0

[Event "British Championship 2024"]
[Site "Hull"]
[Date "2024.07.31"]
[Round "1.9"]
[White "Brewer, Callum D"]
[Black "Grieve, Harry"]
[Result "0-1"]
[Annotator "RC"]
[ECO "B47"]
[WhiteElo "2161"]
[BlackElo "2470"]
[PlyCount "82"]
[EventDate "2024.07.31"]
[EventCountry "GBR"]
[SourceTitle "playchess.com"]
[Source "ChessBase"]
[SourceQuality "1"]
[TimeControl "40/5400+30:1800+30"]

1. e4 c5 2. Nf3 e6 3. d4 cxd4 4. Nxd4 Nc6 5. Nc3 Qc7 6. Ncb5 Qb8 7. Bd3 Nf6 8. O-O Be7 9. c4 O-O 10. Nxc6 dxc6 11. Nc3 e5 12. Bg5 h6 13. Bxf6 Bxf6 14. b4 Rd8 15. Qb1 Be7 16. Rd1 a5 17. b5 Bc5 18. Qc2 Qa7 19. h3 a4 20. Bf1 Bd4 21. Rab1 a3 22. Rd2 Be6 23. Rb3 Qc5 24. Nb1 Bb2 25. bxc6 bxc6 26. Rxd8+ Rxd8 27. Rd3 Ra8 28. Nd2 Bd4 29. Rf3 Qb4 30. Rb3 Qe7 31. Nf3 Bb2 32. Nd2 h5 33. Be2 h4 34. Bf1 Qg5 35. Nf3 Qf4 36. Qd2 Qxd2 37. Nxd2 Ra4 38. Rb6 Bd4 39. Rxc6 Rb4 40. Ra6 Rb2 41. Nf3 Bxf2+ 0-1